Selects Australian Defense Battlegroup
Selects Australian Light Infantry Section
Australian Light Infantry Section
Construct Section Command Post
Selects 2-pounder Anti-tank Gun Team
2-pounder Anti-tank Gun Team
Construct Platoon Command Post
Construct Field Infirmary
Selects CMP 15cwt Supply Run
6-pounder Anti-tank Gun Team
Selects Artillery Trip Wire Flares
Construct Company Command Post
Unlock M3 Grant Medium Tanks
Selects Archer Tank Destroyer